Map: Ephemeron LE

Players

adr - Winner!

  • Race: Protoss Protoss
  • League: Silver
  • Spawn Location: 5:00

Ratl

  • Race: Protoss Protoss
  • Spawn Location: 11:00

VOD

Have the link to the VOD?

Description

Time

  • Played on: Dec. 21, 2019, 9:49 a.m.
  • Length: 9:59
Show
View Real Time Build Order
Export as new Build Order

adr Protoss - Winner!

Build Orders:  

Get SALT Encoding   

  12  0:03  Probe  
  13  0:17  Pylon  
  13  0:22  Probe  
  14  0:34  Probe  
  15  0:39  Gateway  
  15  0:47  Probe  
  16  0:59  Probe  
  17  1:11  Probe  
  17  1:13  Pylon  
  18  1:24  Probe  
  18  1:25  Assimilator  
  19  1:36  Probe  
  20  1:43  Cybernetics Core  
  20  1:54  Nexus  
  20  1:57  Probe  
  21  2:09  Probe  
  21  2:12  Assimilator  
  22  2:17  Pylon  
  22  2:19  Warp Gate  
  22  2:30  Gateway  
  22  2:37  Probe  
  22  2:43  Adept  
  25  2:49  Probe  
  26  3:01  Gateway  
  26  3:05  Probe  
  27  3:13  Stalker  
  27  3:19  Stalker  
  31  3:23  Probe  
  32  3:27  Probe  
  32  3:31  Pylon  
  33  3:35  Probe  
  33  3:39  Probe  
  35  3:47  Probe  
  36  3:51  Probe  
  37  4:03  Probe  
  37  4:05  Probe  
  39  4:14  Robotics Facility  
  39  4:17  Probe, Assimilator  
  39  4:19  Stalker x2  
  39  4:20  Assimilator, Stalker  
  46  4:29  Probe  
  41  4:41  Probe  
  41  4:42  Probe  
  41  4:45  Stalker x3  
  45  4:54  Probe x2  
  45  5:06  Probe  
  46  5:14  Probe  
  45  5:33  Pylon  
  45  5:36  Pylon  
  45  5:39  Pylon  
  45  5:42  Pylon  
  45  5:45  Probe  
  46  5:51  Immortal  
  46  5:53  Stalker x2  
  46  5:56  Pylon  
  54  5:57  Probe  
  54  6:02  Pylon  
  55  6:05  Nexus  
  55  6:09  Probe  
  55  6:10  Assimilator  
  56  6:14  Assimilator  
  56  6:16  Forge x2  
  56  6:23  Robotics Facility  
  56  6:25  Robotics Facility  
  56  6:29  Gateway  
  56  6:30  Gateway, Immortal  
  56  6:32  Gateway  
  60  6:38  Stalker  
  60  6:39  Stalker  
  64  6:51  Protoss Ground Weapons Level 1, Protoss Ground Armor Level 1  
  64  6:55  Probe  
  64  7:00  Stalker  
  67  7:04  Stalker  
  67  7:07  Probe  
  70  7:13  Stalker  
  70  7:15  Warp Prism  
  72  7:17  Observer  
  72  7:19  Probe  
  76  7:26  Stalker x2  
  80  7:31  Probe  
  81  7:38  Observer  
  81  7:43  Probe, Sentry x2  
  87  7:44  Probe  
  88  7:56  Probe  
  88  7:57  Stalker x4  
  97  8:04  Immortal  
  101  8:08  Probe  
  102  8:13  Pylon  
  102  8:20  Probe, Pylon  
  101  8:27  Pylon  
  101  8:32  Probe  
  101  8:33  Stalker x5  
  101  8:34  Stalker  
  114  8:54  Immortal x2  
  120  9:02  Stalker  
  120  9:03  Stalker x3  
  112  9:52  Stalker x6  
Show
View Real Time Build Order
Export as new Build Order

Ratl Protoss 

Build Orders: Double Forge 

Get SALT Encoding   

  12  0:03  Probe  
  13  0:16  Probe  
  14  0:23  Pylon  
  14  0:28  Probe (Chrono Boost)  
  15  0:41  Gateway  
  15  0:45  Probe (Chrono Boost)  
  16  0:53  Assimilator  
  16  0:57  Probe  
  16  1:02  Assimilator  
  17  1:09  Probe  
  18  1:15  Gateway  
  18  1:21  Probe  
  19  1:43  Probe  
  20  1:55  Probe (Chrono Boost)  
  20  2:00  Cybernetics Core  
  21  2:07  Probe (Chrono Boost)  
  22  2:15  Probe (Chrono Boost)  
  22  2:17  Pylon  
  22  2:21  Probe  
  22  2:28  Pylon  
  23  2:34  Warp Gate (Chrono Boost)  
  23  2:35  Stalker  
  23  2:36  Stalker  
  27  3:06  Robotics Facility  
  27  3:19  Stalker x2  
  31  3:38  Forge  
  31  3:39  Forge  
  31  3:41  Pylon  
  31  3:49  Stalker x2  
  31  4:42  Stalker x2  
  31  4:44  Protoss Ground Weapons Level 1 (Chrono Boost)  
  35  4:46  Warp Prism  
  37  5:00  Protoss Ground Armor Level 1 (Chrono Boost)  
  37  5:09  Gateway  
  37  5:10  Gateway  
  37  5:14  Gateway  
  37  5:15  Gateway  
  37  5:16  Gateway  
  35  5:22  Observer  
  34  5:37  Nexus  
  34  5:40  Assimilator  
  34  5:50  Pylon  
  34  5:56  Pylon  
  34  6:02  Stalker  
  36  6:06  Stalker  
  38  6:27  Stalker  
  38  6:28  Stalker  
  42  6:41  Twilight Council  
  42  6:47  Gateway  
  42  6:56  Probe (Chrono Boost)  
  43  7:07  Probe (Chrono Boost)  
  44  7:11  Probe (Chrono Boost)  
  45  7:22  Probe  
  46  7:35  Probe, Stalker x3  
  46  7:36  Stalker  
  55  7:45  Assimilator  
  55  7:47  Probe (Chrono Boost)  
  57  7:59  Probe (Chrono Boost)  
  57  8:04  Probe (Chrono Boost)  
  58  8:13  Probe  
  59  8:25  Probe  
  59  8:27  Stalker  
  60  8:33  Stalker x2  
  60  8:34  Stalker  
  66  8:37  Stalker  
  68  8:57  Stalker x4  
  76  9:08  Probe  
  75  9:20  Probe  
  68  9:32  Probe  
  68  9:36  Stalker x4  
  68  9:37  Stalker  
  63  9:43  Stalker x2  
  45  9:55  Stalker  
Tags
 
League
Silver
Matchup
PvP
Spawn Locations
Cross Positions
Add a new tag
Caveats
  • Supply blocks, unpowered buildings, or Contaminate may cause inaccurate times.
  • Supply counts are checked every 10 seconds.